 Dungeon Crawl Stone Soup version 0.24.1-14-gf8d2b509d9 (webtiles) character file.

Game seed: 14226099212438245584, levelgen mode: deterministic

16729 migughuinjugji the Cleaver (level 12, -8/100 HPs)
             Began as a Formicid Abyssal Knight on July 11, 2020.
             Was a High Priest of Lugonu.
             Mangled by a minotaur (9 damage)
             ... in a Gauntlet.
             The game lasted 00:52:16 (16605 turns).

migughuinjugji the Cleaver (FoAK)                  Turns: 16605, Time: 00:52:17

Health: -8/100     AC: 17    Str: 22    XL:     12   Next: 73%
Magic:  15/15      EV:  9    Int: 12    God:    Lugonu [*****.]
Gold:   118        SH: 13    Dex: 10    Spells: 11/11 levels left

rFire    x . .     SeeInvis +   a - +3 battleaxe (chop)
rCold    + + .     Gourm    .   e - +0 shield
rNeg     . . .     Faith    .   K - +0 ice dragon scales
rPois    .         Spirit   .   (helmet unavailable)
rElec    .         Reflect  +   f - +1 cloak {+Inv}
rCorr    .         Harm     .   C - +0 pair of gloves
MR       +....                  (no boots)
Stlth    ..........             L - +2 amulet of reflection
HPRegen  0.26/turn              E - +1 ring of protection
MPRegen  0.14/turn              R - ring of flight

@: very slightly contaminated, lightly drained
A: permanent stasis, dig shafts and tunnels, four strong arms, antennae 3
a: Dig, Shaft Self, Depart the Abyss, Bend Space, Banish, Corrupt, Enter the
Abyss, Renounce Religion, Evoke Invisibility, Evoke Flight


You were in a Gauntlet.
You worshipped Lugonu.
Lugonu was extremely pleased with you.
You were not hungry.

You visited 1 branch of the dungeon, and saw 15 of its levels.
You visited the Abyss 1 time.
You also visited: Sewer and Gauntlet.

You collected 630 gold pieces.
You spent 512 gold pieces at shops.

Inventory:

Hand Weapons
 a - a +3 battleaxe of chopping (weapon)
 b - a +0 battleaxe
 l - a +0 trident
 p - a +0 flail of protection
 u - a cursed -3 war axe
 z - a +0 war axe of freezing
 J - a +1 hand axe
Missiles
 h - 10 curare-tipped darts (quivered)
 o - 29 poisoned darts
 w - 16 boomerangs
 A - 7 atropa-tipped darts
 N - 2 throwing nets
Armour
 e - a +0 shield (worn)
 f - a +1 cloak of invisibility (worn)
 C - a +0 pair of gloves (worn)
 G - a +0 chain mail
 K - +0 ice dragon scales (worn)
 O - the +1 ring mail of the Okapi {rC+ MR+}
   (You found it on level 12 of the Dungeon)

   It protects you from cold.
   It affects your resistance to hostile enchantments.
Jewellery
 y - an uncursed amulet of regeneration
 E - a +1 ring of protection (left hand)
 L - a +2 amulet of reflection (around neck)
 Q - an uncursed ring of fire
 R - a ring of flight (right hand)
Wands
 m - a wand of digging (8)
 q - a wand of flame (9)
 x - a wand of iceblast (3)
Scrolls
 k - 8 scrolls of remove curse
 n - a scroll of noise {unknown}
 r - a scroll of acquirement {unknown}
 s - a scroll of magic mapping
 t - 3 scrolls of enchant weapon {unknown}
 v - 2 scrolls of immolation {unknown}
 B - 2 scrolls of fog {unknown}
 M - a scroll of amnesia {unknown}
Potions
 d - 2 potions of brilliance
 g - 6 potions of flight
 i - a potion of resistance
 D - a potion of lignification
 F - 2 potions of might
 I - a potion of curing
Comestibles
 c - 24 rations


   Skills:
 - Level 11.1(10.7) Fighting
 - Level 12.3(11.9) Axes
 - Level 4.8(4.4) Throwing
 - Level 9.1(8.7) Armour
 - Level 0.8(0.5) Dodging
 - Level 8.2(7.8) Shields
 + Level 4.6(4.2) Invocations


You had 11 spell levels left.
You didn't know any spells.
Your spell library contained the following spells:

 Spells                   Type           Power        Failure   Level  Hunger
 Flame Tongue             Conj/Fire      #....        75%         1    ##.....
 Shock                    Conj/Air       #...         75%         1    ##.....
 Swiftness                Chrm/Air       #.......     87%         2    ###....
 Throw Flame              Conj/Fire      #.....       87%         2    ###....
 Conjure Flame            Conj/Fire      #.......     98%         3    ####...
 Inner Flame              Hex/Fire       #.......     98%         3    ####...
 Static Discharge         Conj/Air       #.......     98%         3    ####...
 Airstrike                Air            #.........   100%        4    #####..
 Sticky Flame             Conj/Fire      #.......     100%        4    #####..
 Fireball                 Conj/Fire      #.........   100%        5    ######.
 Lightning Bolt           Conj/Air       #.........   100%        5    ######.


Dungeon Overview and Level Annotations

Branches:
Dungeon (15/15)            Temple (0/1) D:7            Lair (0/6) D:11
    Orc (0/2) D:10         Depths (0/5) D:15          Sewer (visited)
Gauntlet (1/1)
 Vaults: D:13-14

Altars:
Dithmenos
Nemelex Xobeh
Qazlal
Ru
Sif Muna
Uskayaw
The Shining One

Shops:
D:7 [   D:10 [(   D:11 :   D:12 [

Annotations:
D:4 exclusion: downstairs
D:6 exclusion: downstairs
D:7 1 runed translucent door, Crazy Yiuf
D:8 exclusion: 2 doors
D:11 1 runed translucent door, Killmatronix's ghost, journeyman OgTm
D:13 3 runed translucent doors Gauntlet 6 transporters


Innate Abilities, Weirdness & Mutations

You cannot be hasted, slowed, berserked, paralysed or teleported.
You can dig through walls and to a lower floor.
Your four strong arms can wield two-handed weapons with a shield.
You have a pair of large antennae on your head. (SInv)


Message History

You slice the minotaur!!
The minotaur is almost dead.
The minotaur throws a silver javelin.
The silver javelin pierces through you but does no damage.
You barely miss the minotaur.
The minotaur is almost dead.
The minotaur hits you!!
* * * LOW HITPOINT WARNING * * *
The minotaur gores you but does no damage.
Okay, then.
You hit the minotaur but do no damage.
The minotaur is almost dead.
You flicker back into view.
You block the minotaur's attack. The minotaur barely misses you.
You hit the minotaur but do no damage.
The minotaur is almost dead.
The minotaur hits you!
* * * LOW HITPOINT WARNING * * *
The minotaur gores you!
You die...

#§8§#..#. ####
#..§#..#©
#....##.8.#..#.
#.##.##...#..#)
#.##....8.#..#.
#######.##.##...#..#.
#≈≈≈#.#....##...#..##
#≈≈H#.#.##.##.©.#≈...
#≈∩.@('.##......#∩...
#≈≈.#(#.##.##.©.#§...
#≈≈≈#.#....##...#..##
#######.##.##...#..#E
#.##....8.#..#h
#.##.##...#..#)
#....##.8.#..#[
#######.§.#..#R
#≈8≈#..#.


You could see a minotaur.

Vanquished Creatures
  A ghost crab (Gauntlet)
  2 two-headed ogres
  A skeletal warrior (D:14)
  An unseen horror (D:9)
  A wolf spider zombie (D:13)
  A deep elf mage (D:11)
  An ugly thing (D:13)
  An eye of devastation (Gauntlet)
  A troll (D:13)
  A queen bee (D:9)
  5 hippogriffs
  A spriggan (D:8)
  Sigmund (D:3)
  A wyvern (D:9)
  A basilisk (D:12)
  14 yaks
  A golden eye (Gauntlet)
  3 hungry ghosts
  A water moccasin (D:7)
  A floating eye (Gauntlet)
  6 orc warriors
  3 phantoms
  2 sky beasts
  5 ice beasts
  A black bear (D:11)
  2 necrophages
  6 ogres
  6 centaurs
  3 big kobolds
  11 bullfrogs
  A wyvern skeleton (D:8)
  3 scorpions
  33 killer bees
  3 wights (D:10)
  6 howler monkeys
  A bullfrog zombie (D:6)
  A centaur zombie (D:12)
  8 crimson imps
  6 hounds
  A quasit (D:6)
  4 orc priests
  5 jellies
  9 orc wizards
  3 centaur skeletons
  3 iguanas
  6 worker ants
  2 hound skeletons
  A worker ant zombie (D:5)
  7 adders
  A river rat (Sewer)
  2 shadow imps
  2 oozes
  An adder skeleton (D:8)
  5 worms
  2 dart slugs (D:1)
  6 leopard geckos
  47 orcs
  6 bats
  3 giant cockroaches
  8 goblins
  5 hobgoblins
  12 jackals
  17 kobolds
  5 quokkas
  A ball python (D:5)
  6 frilled lizards
  A leopard gecko skeleton (D:4)
  A quokka skeleton (D:5)
  5 rats
324 creatures vanquished.

Vanquished Creatures (others)
  24 withered plants (Gauntlet)
24 creatures vanquished.

Grand Total: 348 creatures vanquished

Notes
Turn   | Place    | Note
-------+----------+-------------------------------------------
     0 | Abyss:1  | migughuinjugji the Formicid Abyssal Knight began the quest
                  | for the Orb.
     0 | Abyss:1  | Reached XP level 1. HP: 18/18 MP: 2/2
    31 | Abyss:1  | Noticed a brown very ugly thing
    40 | D:1      | Escaped the Abyss
   151 | D:1      | Reached XP level 2. HP: 20/24 MP: 3/3
   477 | D:1      | Reached * piety under Lugonu
   492 | D:1      | Reached XP level 3. HP: 16/29 MP: 4/4
   669 | D:1      | Reached skill level 3 in Axes
  1612 | D:2      | Reached XP level 4. HP: 23/35 MP: 5/5
  1755 | D:2      | Found a hide-covered altar of Uskayaw.
  1954 | D:2      | Reached skill level 4 in Axes
  2583 | D:3      | Reached ** piety under Lugonu
  2718 | D:3      | Found a glowing drain.
  2833 | Sewer    | Entered a sewer
  3253 | Sewer    | Reached XP level 5. HP: 41/41 MP: 6/6
  3309 | Sewer    | Noticed a big kobold
  3332 | Sewer    | Killed a big kobold
  3332 | Sewer    | Reached skill level 5 in Axes
  3332 | Sewer    | Reached skill level 1 in Throwing
  3506 | Sewer    | Found a white marble altar of Elyvilon.
  3658 | D:3      | Reached XP level 6. HP: 47/47 MP: 7/7
  3768 | D:3      | Noticed Sigmund
  3796 | D:3      | Killed Sigmund
  3796 | D:3      | Reached skill level 6 in Axes
  4072 | D:4      | Reached XP level 7. HP: 46/53 MP: 8/8
  4486 | D:4      | Found a shimmering blue altar of Sif Muna.
  4984 | D:5      | Entered Level 5 of the Dungeon
  5451 | D:5      | Reached XP level 8. HP: 41/61 MP: 9/9
  5815 | D:5      | Reached skill level 7 in Axes
  6199 | D:5      | Reached skill level 1 in Shields
  6664 | D:6      | Found a sacrificial altar of Ru.
  6697 | D:6      | Found a sparkling altar of Nemelex Xobeh.
  6705 | D:6      | Reached skill level 5 in Fighting
  8039 | D:7      | Found a staircase to the Ecumenical Temple.
  8067 | D:7      | Reached XP level 9. HP: 68/68 MP: 10/10
  8232 | D:7      | Reached skill level 5 in Armour
  8322 | D:7      | Found a glowing golden altar of the Shining One.
  8425 | D:7      | Reached skill level 8 in Axes
  8425 | D:7      | Reached skill level 5 in Shields
  8438 | D:7      | Reached *** piety under Lugonu
  8724 | D:7      | Found Angoppou's Antique Armour Boutique.
  8728 | D:7      | Bought a glowing cloak for 165 gold pieces
  8935 | D:7      | Found a runed translucent door.
  8936 | D:7      | Noticed Crazy Yiuf
  9524 | D:8      | Reached XP level 10. HP: 79/79 MP: 11/11
  9641 | D:8      | Reached skill level 9 in Axes
 10098 | D:9      | Noticed a two-headed ogre
 10123 | D:9      | Killed a two-headed ogre
 10481 | D:9      | Noticed an unseen horror
 10502 | D:9      | Killed an unseen horror
 10502 | D:9      | Reached skill level 10 in Axes
 10544 | D:9      | Found a stormy altar of Qazlal.
 10811 | D:9      | Reached **** piety under Lugonu
 10938 | D:9      | Reached XP level 11. HP: 85/87 MP: 12/12
 12801 | D:10     | Entered Level 10 of the Dungeon
 12988 | D:10     | Reached ***** piety under Lugonu
 12995 | D:10     | Found Vueropach's Armour Boutique.
 12995 | D:10     | Found a staircase to the Orcish Mines.
 12998 | D:10     | Found Odwall's Weapon Boutique.
 13017 | D:10     | Found a shadowy altar of Dithmenos.
 13110 | D:10     | Reached skill level 11 in Axes
 13572 | D:11     | Found a staircase to the Lair.
 13698 | D:10     | Bought a +3 battleaxe of chopping for 347 gold pieces
 13773 | D:11     | Noticed Killmatronix's ghost (journeyman OgTm)
 13776 | D:11     | Found a runed translucent door.
 13790 | D:11     | Reached skill level 10 in Fighting
 14074 | D:11     | Found Ydieg's Book Shoppe.
 14088 | D:11     | Noticed a deep elf mage
 14092 | D:11     | Killed a deep elf mage
 14515 | D:12     | Reached XP level 12. HP: 90/97 MP: 13/13
 15066 | D:12     | Got a distressingly furry ring mail
 15067 | D:12     | Identified the +1 ring mail of the Okapi {rC+ MR+} (You
                  | found it on level 12 of the Dungeon)
 15096 | D:12     | Found Qixtix's Antique Armour Shop.
 15534 | D:13     | Reached skill level 12 in Axes
 15584 | D:13     | Found a runed translucent gate.
 15584 | D:13     | Found a runed translucent gate.
 15585 | D:13     | Found a runed translucent gate.
 15759 | D:13     | Noticed a two-headed ogre
 15761 | D:13     | Noticed an ogre mage
 15763 | D:13     | Noticed a two-headed ogre
 15766 | D:13     | Killed a two-headed ogre
 15769 | D:13     | You fall into a shaft and drop 2 floors!
 15769 | D:15     | Entered Level 15 of the Dungeon
 15894 | D:15     | Noticed a skeletal warrior
 15901 | D:15     | Noticed a skeletal warrior
 15916 | D:15     | Noticed a skeletal warrior
 15916 | D:15     | Noticed an ogre mage
 15917 | D:15     | Noticed a two-headed ogre
 15932 | D:14     | Killed a skeletal warrior
 15976 | D:14     | Found a gate leading to a gauntlet.
 15984 | Gauntlet | Entered a Gauntlet
 15984 | Gauntlet | Found a transporter.
 15984 | Gauntlet | Found a transporter.
 16043 | Gauntlet | Found a transporter.
 16047 | Gauntlet | Found a transporter.
 16056 | Gauntlet | Noticed a soul eater
 16059 | Gauntlet | Found a transporter.
 16061 | Gauntlet | Found a transporter.
 16071 | Gauntlet | Found a transporter.
 16092 | Gauntlet | Found a transporter.
 16092 | Gauntlet | Noticed a ghost crab
 16110 | Gauntlet | Found a transporter.
 16114 | Gauntlet | Found a transporter.
 16124 | Gauntlet | Found a transporter.
 16128 | Gauntlet | Found a transporter.
 16330 | Gauntlet | Killed a ghost crab
 16589 | Gauntlet | Identified the ring of the Countless Demons {rElec Str+3
                  | Stlth+}
 16589 | Gauntlet | Noticed a minotaur
 16605 | Gauntlet | HP: 1/100 [minotaur (17)]
 16605 | Gauntlet | Mangled by a minotaur

Levels and vault maps discovered:
D:1:      evilmike_arrival_plus, layout_rooms, kennysheep_small_spiral,
          patterned_corridor
D:2:      layout_loops_ring, old_standard_altar
D:3:      layout_basic, cheibrodos_sewer_entry_drain, uniq_sigmund
D:4:      layout_gridville, tgw_sif, first_ration
D:5:      layout_loops_corners
D:6:      layout_loops_ring, chequers_temple_overflow_statue_of_worship,
          grunt_ministairs_9
D:7:      layout_loops_ring, kennysheep_mini,
          minmay_temple_entry_drinking_statues, serial_shops,
          nicolae_shop_crystal, uniq_crazy_yiuf_cottage
D:8:      layout_basic, the_bakery
D:9:      layout_roguey [special_room_bee], lemuel_round_altar
D:10:     layout_rooms, orc_david_3, basic_altar
D:11:     layout_roguey, lair_entry_dummy, serial_shops, shop,
          hellmonk_ghost_happy_afterlife, grunt_ministairs_4
D:12:     layout_irregular_city, serial_rivers, chequers_serial_rivers_room_a,
          chequers_serial_rivers_micro_e, chequers_serial_rivers_small_3,
          chequers_serial_rivers_large_a, chequers_serial_rivers_marsh,
          chequers_serial_rivers_room_b, serial_shops,
          nicolae_shop_overgrown_old_shop
D:13:     layout_irregular_city, david_vaults_2, gammafunk_ghost_spectres
D:14:     layout_stronghold, gauntlet_entry_generic, bh_walls_and_bars
D:15:     hangedman_depths_entry_civil_slaughter, layout_long_grid,
          minmay_misc_feat_hallway, minmay_microvault
Gauntlet: gammafunk_gauntlet_hard_choice [gammafunk_gauntlet_arena_crates,
          gammafunk_gauntlet_arena_hedges, gammafunk_gauntlet_arena_chambers,
          gammafunk_gauntlet_arena_teeth, nicolae_gauntlet_arena_quarters,
          gammafunk_gauntlet_arena_corners, gauntlet_exit_watery]

Skill      XL: |  1  2  3  4  5  6  7  8  9 10 11 12 |
---------------+-------------------------------------+-----
Axes           | 3 4 5 6 7 8 10 11 12 | 12.3
Throwing       | 1 2 3 4 |  4.8
Fighting       | 4 5 7 8 10 11 | 11.1
Armour         | 3 4 5 6 8 9 |  9.1
Shields        | 3 6 7 8 |  8.2
Invocations    | 4 |  4.6
Dodging        | |  0.8

Action                   |  1- 3 |  4- 6 |  7- 9 | 10-12 || total
-------------------------+-------+-------+-------+-------++-------
Melee: Hand axe          |   103 |   126 |   539 |       ||   768
       Battleaxe         |       |       |    81 |   814 ||   895
Throw: Dart              |       |    38 |    38 |    69 ||   145
       Boomerang         |       |       |       |    18 ||    18
Invok: Depart the Abyss  |     1 |       |       |       ||     1
 Abil: Dig               |       |       |       |     1 ||     1
       Shaft Self        |       |       |       |     1 ||     1
       Evoke Invisibilit |       |       |       |     1 ||     1
  Use: Scroll            |       |       |     8 |     8 ||    16
       Potion            |       |       |     2 |     7 ||     9
 Stab: Invisible         |       |       |       |     1 ||     1
  Eat: Chunk             |     2 |     8 |    14 |    18 ||    42
       Ration            |       |       |     2 |     3 ||     5
Armor: Leather armour    |    31 |    20 |       |       ||    51
       Ring mail         |       |     5 |    31 |       ||    36
       Scale mail        |       |       |   162 |       ||   162
       Chain mail        |       |       |    20 |   445 ||   465
       Skin              |       |       |       |    17 ||    17
       Ice dragon scales |       |       |       |     8 ||     8
Dodge: Dodged            |    47 |    69 |   160 |   310 ||   586
Block: Shield            |       |       |   255 |   590 ||   845
